 Dungeon Crawl Stone Soup version 0.24-a0-250-g6074511092 (webtiles) character file.

Game seed: 9074639903818543070

141 Esekla the Skirmisher (level 5, -1/43 HPs)
             Began as a Formicid Abyssal Knight on Apr 14, 2019.
             Was a Believer of Lugonu.
             Slain by Crazy Yiuf
             ... wielding a +2 quarterstaff of chaos
              (6 damage)
             ... on level 2 of the Dungeon.
             The game lasted 00:17:22 (2194 turns).

Esekla the Skirmisher (Formicid Abyssal Knight)     Turns: 2194, Time: 00:17:23

Health: -1/43      AC: 10    Str: 17    XL:     5   Next: 48%
Magic:  6/6        EV:  7    Int: 12    God:    Lugonu [**....]
Gold:   68         SH:  0    Dex: 10    Spells: 4/4 levels left

rFire    . . .     SeeInvis +   o - +0 hand axe (chop)
rCold    . . .     Gourm    .   (no shield)
rNeg     . . .     Faith    .   d - +0 chain mail
rPois    +         Spirit   .   (helmet unavailable)
rElec    .         Reflect  .   (no cloak)
rCorr    .         Harm     .   (no gloves)
MR       .....                  k - +0 pair of boots
Stlth    ..........             (no amulet)
HPRegen  0.14/turn              f - ring of poison resistance
MPRegen  0.10/turn              (no ring)

@: no status effects
A: permanent stasis, dig shafts and tunnels, four strong arms, antennae 3
a: Dig, Shaft Self, Depart the Abyss, Bend Space, Renounce Religion


You were on level 2 of the Dungeon.
You worshipped Lugonu.
Lugonu was pleased with you.
You were very hungry.

You visited 1 branch of the dungeon, and saw 3 of its levels.
You visited the Abyss 1 time.

You collected 68 gold pieces.

Inventory:

Hand Weapons
 a - a +1 hand axe
 i - a +1 dagger of holy wrath
 o - a +0 hand axe of chopping (weapon)
 r - a +3 whip
Missiles
 h - 5 javelins (quivered)
 p - 2 tomahawks
Armour
 b - a +0 leather armour
 d - a +0 chain mail (worn)
 k - a +0 pair of boots (worn)
Jewellery
 f - a ring of poison resistance (left hand)
Scrolls
 e - 6 scrolls of teleportation {unknown}
 g - a scroll of blinking {unknown}
 m - 2 scrolls of identify {unknown}
Potions
 j - 2 potions of curing {unknown}
 l - a potion of haste {unknown}
 n - a potion of lignification {unknown}
Comestibles
 c - 5 rations


   Skills:
 * Level 4.5 Fighting
 + Level 3.4 Axes
 + Level 3.2 Armour
 + Level 1.1 Dodging
 + Level 2.5 Invocations


You had 4 spell levels left.
You didn't know any spells.
Your spell library was empty.

Dungeon Overview and Level Annotations

Branches:
Dungeon (3/15)

Altars:
Nemelex Xobeh
Qazlal

Annotations:
D:2 Crazy Yiuf, Natasha, Robin


Innate Abilities, Weirdness & Mutations

You cannot be hasted, slowed, berserked, paralysed or teleported.
You can dig through walls and to a lower floor.
Your four strong arms can wield two-handed weapons with a shield.
You have a pair of large antennae on your head. (SInv)


Message History

Crazy Yiuf is lightly wounded.
Crazy Yiuf barely misses you.
You hit Crazy Yiuf but do no damage.
Crazy Yiuf is lightly wounded.
Crazy Yiuf barely misses you.
You hit Crazy Yiuf.
Crazy Yiuf is moderately wounded.
Crazy Yiuf hits you but does no damage.
You are electrocuted!
You slash Crazy Yiuf!
Crazy Yiuf is severely wounded.
Crazy Yiuf hits you with a +2 quarterstaff of chaos.
You are electrocuted!!
* * * LOW HITPOINT WARNING * * *
You barely miss Crazy Yiuf.
Crazy Yiuf is severely wounded.
Crazy Yiuf barely misses you.
You hit Crazy Yiuf.
Crazy Yiuf is almost dead.
Crazy Yiuf hits you with a +2 quarterstaff of chaos.
You die...

#### .<(# ...# ...#
...###### ...>....#
.#####.###♣♣ ###
....##.....♣♣ ♣♣#..)#
.##.##......♣♣♣♣@g...#
#...##.......♣..♣#...#
#.#.........♣.♣♣♣ ###
.....#.###♣♣♣♣♣
####.#.# .. #...# #
...#...##.#
.?.#......#
...g.####.#


You could see Crazy Yiuf.

Vanquished Creatures
  6 adders (D:3)
  2 worms
  3 leopard geckos
  7 orcs (D:3)
  A ball python (D:2)
  2 giant cockroaches (D:1)
  6 goblins
  4 hobgoblins
  12 jackals
  5 kobolds
  8 bats
  8 frilled lizards
  8 rats
72 creatures vanquished.

Notes
Turn   | Place    | Note
-------+----------+-------------------------------------------
     0 | Abyss:1  | Esekla the Formicid Abyssal Knight began the quest for the
                  | Orb.
     0 | Abyss:1  | Reached XP level 1. HP: 18/18 MP: 2/2
    35 | Abyss:1  | Noticed a chaos spawn
    95 | Abyss:1  | Noticed a thrashing horror
   119 | Abyss:1  | Noticed a starcursed mass
   127 | D:1      | Escaped the Abyss
   393 | D:1      | Reached XP level 2. HP: 12/25 MP: 3/3
   429 | D:1      | Reached * piety under Lugonu
   618 | D:1      | Reached skill level 4 in Fighting
   645 | D:1      | Reached XP level 3. HP: 29/30 MP: 4/4
   829 | D:1      | Reached skill level 1 in Dodging
  1133 | D:2      | Found a stormy altar of Qazlal.
  1158 | D:2      | Noticed Robin
  1161 | D:2      | Noticed Natasha
  1164 | D:2      | You fall through a shaft!
  1166 | D:3      | Reached XP level 4. HP: 12/37 MP: 5/5
  1412 | D:3      | Reached ** piety under Lugonu
  1673 | D:3      | Reached XP level 5. HP: 43/43 MP: 6/6
  1821 | D:3      | Found a sparkling altar of Nemelex Xobeh.
  2004 | D:2      | Found a faded altar of an unknown god.
  2182 | D:2      | Found a runed translucent door.
  2183 | D:2      | Noticed Crazy Yiuf
  2194 | D:2      | Slain by Crazy Yiuf

Levels and vault maps discovered:
D:1:      nicolae_arrival_washed_ashore, layout_rooms, skrybe_limestone_x,
          minmay_pentomino_t2
D:2:      layout_loops_ring, old_standard_altar, nicolae_ru_path_of_blood,
          chequers_ecumenical_altar_simple_redux, minmay_diced_spiral,
          uniq_natasha, uniq_crazy_yiuf_cottage, uniq_robin, uniq_sigmund
D:3:      layout_basic, nicolae_overflow_hidden_temple,
          overflow_temple_1_default, first_ration
Abyss:1

Skill      XL: |  1  2  3  4  5 |
---------------+----------------+-----
Fighting       | 4 |  4.5
Dodging        | 1 |  1.1
Axes           | 3 |  3.4
Armour         | 3 |  3.2
Invocations    | |  2.5

Action                   |  1- 3 |  4- 6 || total
-------------------------+-------+-------++-------
Melee: Hand axe          |   148 |   122 ||   270
Throw: Javelin           |     1 |     2 ||     3
Invok: Depart the Abyss  |     1 |       ||     1
 Abil: Shaft Self        |     1 |       ||     1
  Eat: Chunk             |     1 |     3 ||     4
Armor: Chain mail        |   119 |    99 ||   218
Dodge: Dodged            |    65 |    55 ||   120

Table legend:
 A = Non-vault XP
 B = Vault XP
 C = Vault XP percentage of total XP
 D = Non-vault monster count
 E = Vault monster count
 F = Vault count percentage of total count
                 A         B        C        D         E       F
            +---------+---------+-------+---------+---------+-------
      Total |     201 |       1 |   0.5 |      71 |       1 |   1.4
            +---------+---------+-------+---------+---------+-------
        D:1 |      54 |       1 |   1.8 |      33 |       1 |   2.9
        D:2 |      18 |       0 |   0.0 |      10 |       0 |   0.0
        D:3 |     129 |       0 |   0.0 |      28 |       0 |   0.0
            +---------+---------+-------+---------+---------+-------
